[Event "Titled Tuesday Blitz June 8 2021"]
[White "Vidit, Santosh Gujrathi"]
[Black "Svane, Rasmus"]
[WhiteFideId "5029465"]
[BlackFideId "4657101"]
[WhiteElo "2735"]
[BlackElo "2669"]
[Result "1-0"]
[Round "10"]
[TimeControl "180+1"]
[Date "2021.06.08"]
[WhiteClock "0:00:12"]
[BlackClock "0:00:01"]

1. d4 Nf6 2. c4 e6 3. Nc3 Bb4 4. e3 O-O 5. Bd2 b6 6. Nf3 Bb7 7. Bd3 c5 8. a3 Bxc3 9. Bxc3 cxd4 10. exd4 d5 11. b3 a5 12. a4 Nc6 13. O-O Nb4 14. Be2 Rc8 15. Bb2 dxc4 16. Bxc4 Nfd5 17. Qd2 Qf6 18. Ne5 Rfd8 19. f4 Qf5 20. Rf2 Nf6 21. Qe2 h5 22. Re1 Bd5 23. Rff1 Qc2 24. Rf2 Qf5 25. Rff1 Qc2 26. Rf2 Qxe2 27. Rfxe2 Ng4 28. Bxd5 Nxd5 29. g3 Rc7 30. Nc4 Ngf6 31. Kg2 g6 32. Kf3 Ne8 33. Ba3 Ng7 34. h3 Nf5 35. Rd2 Nfe7 36. g4 hxg4+ 37. hxg4 Nc6 38. Rh1 Nf6 39. Bb2 Rcd7 40. d5 exd5 41. Bxf6 1-0


[Site "https://www.chess.com"]

[Event "Titled Tuesday Blitz June 8 2021"]
[White "Vignesh, N R"]
[Black "Shipov, Sergei"]
[WhiteFideId "25012215"]
[BlackFideId "4113624"]
[WhiteElo "2401"]
[BlackElo "2771"]
[Result "1/2-1/2"]
[Round "10"]
[TimeControl "180+1"]
[Date "2021.06.08"]
[WhiteClock "0:00:18"]
[BlackClock "0:00:31"]

1. d4 d5 2. c4 e6 3. Nf3 c5 4. cxd5 exd5 5. Nc3 Nc6 6. e3 Nf6 7. Be2 Bd6 8. dxc5 Bxc5 9. O-O O-O 10. b3 a6 11. Bb2 Qd6 12. Rc1 Bg4 13. h3 Bh5 14. Nd4 Bxd4 15. Bxh5 Be5 16. Bf3 Rad8 17. Qc2 d4 18. Ne4 Nxe4 19. Bxe4 dxe3 20. Bxe5 Qxe5 21. fxe3 g6 22. Bxc6 Qxe3+ 23. Qf2 Qxf2+ 24. Rxf2 bxc6 25. Rxc6 a5 26. Ra6 Rd5 27. Ra7 h5 28. Rf6 Kg7 29. Rfa6 Rc8 30. Rxa5 Rc1+ 31. Kh2 Rd2 32. h4 Rcc2 33. Rg5 Rxa2 34. Rxa2 Rxa2 35. Rb5 Rb2 36. b4 Kf6 37. Kg3 Ke6 38. Kf3 f6 39. g3 Rb3+ 40. Kf4 g5+ 41. hxg5 fxg5+ 42. Kxg5 Rxg3+ 43. Kxh5 Kd6 44. Kh4 Rg1 45. Rg5 Rxg5 46. Kxg5 Kc6 47. Kf5 Kb5 48. Ke6 Kxb4 1/2-1/2


[Site "https://www.chess.com"]

[Event "Titled Tuesday Blitz June 8 2021"]
[White "Vokhidov, Shamsiddin"]
[Black "Kosteniuk, Alexandra"]
[WhiteFideId "14204223"]
[BlackFideId "4128125"]
[WhiteElo "2572"]
[BlackElo "2521"]
[Result "1-0"]
[Round "10"]
[TimeControl "180+1"]
[Date "2021.06.08"]
[WhiteClock "0:01:15"]
[BlackClock "0:00:44"]

1. e4 c6 2. d3 d5 3. Nd2 e5 4. Ngf3 Bd6 5. d4 exd4 6. Bd3 Ne7 7. O-O Ng6 8. exd5 O-O 9. Ne4 c5 10. c3 dxc3 11. bxc3 Bg4 12. h3 Bxf3 13. Qxf3 Ne5 14. Qg3 Nxd3 15. Qxd3 h6 16. Rb1 b6 17. Re1 Nc6 18. Bxh6 gxh6 19. Qe3 Ne5 20. Nxd6 Qxd6 21. Qxe5 Qxe5 22. Rxe5 Rfe8 23. Rbe1 Rxe5 24. Rxe5 Kf8 25. Kf1 Rd8 26. c4 a6 27. a4 Rd6 28. Ke2 f6 29. Rh5 Kg7 30. Kd3 Kg6 31. g4 Rd8 32. Rf5 Rd6 33. Rf4 Kf7 34. Rf5 Rd8 35. h4 Re8 36. g5 1-0


[Site "https://www.chess.com"]

[Event "Titled Tuesday Blitz June 8 2021"]
[White "Wagner, Dennis"]
[Black "Siva Mahadevan"]
[WhiteFideId "24650684"]
[BlackFideId "25043153"]
[WhiteElo "2355"]
[BlackElo "2203"]
[Result "0-1"]
[Round "10"]
[TimeControl "180+1"]
[Date "2021.06.08"]
[WhiteClock "0:00:20"]
[BlackClock "0:00:53"]

1. d4 Nf6 2. Nf3 g6 3. c4 Bg7 4. Nc3 O-O 5. e4 d6 6. Be2 e5 7. O-O Nc6 8. d5 Ne7 9. b4 Nh5 10. Re1 f5 11. a4 Nf6 12. Nd2 a5 13. bxa5 c5 14. Ra3 f4 15. Nb3 h5 16. h3 Kh7 17. Bd2 Neg8 18. Bf3 Nh6 19. Nb5 Ra6 20. Nc1 Bd7 21. Nd3 Be8 22. Rb3 g5 23. g4 Bd7 24. Nxd6 Rxd6 25. Nxe5 hxg4 26. Nxd7 Nxd7 27. hxg4 Ne5 28. Rxb7 Rf7 29. Rb5 Qd7 30. Rxc5 Nhxg4 31. Kg2 Rh6 32. Rh1 Rf6 33. Bc3 Rxh1 34. Kxh1 Nxf2+ 0-1


[Site "https://www.chess.com"]

[Event "Titled Tuesday Blitz June 8 2021"]
[White "Weetik, Vjacheslav"]
[Black "Lazavik, Denis"]
[WhiteFideId "4153472"]
[BlackFideId "13515110"]
[WhiteElo "2469"]
[BlackElo "2436"]
[Result "0-1"]
[Round "10"]
[TimeControl "180+1"]
[Date "2021.06.08"]
[WhiteClock "0:00:01"]
[BlackClock "0:00:16"]

1. e4 e5 2. Nf3 Nc6 3. Nc3 Nf6 4. Bb5 Bd6 5. d3 h6 6. Ne2 a6 7. Ba4 b5 8. Bb3 Be7 9. c3 d6 10. Ng3 O-O 11. O-O Na5 12. Bc2 c5 13. Re1 Nc6 14. h3 Be6 15. d4 cxd4 16. cxd4 exd4 17. Nxd4 Nxd4 18. Qxd4 Rc8 19. Bd3 Nd7 20. Nf5 Bf6 21. Qxd6 Nc5 22. Bf1 Bxf5 23. Qxd8 Rfxd8 24. exf5 Na4 25. Rb1 Rc2 26. b3 Nc3 27. Rb2 Rxb2 28. Bxb2 Nxa2 29. Bxf6 gxf6 30. Re7 Rd1 31. g3 Rb1 32. Re3 Nb4 33. Kg2 Kf8 34. Be2 Re1 35. Kf3 Nc2 36. Re4 Rb1 37. Kg4 Rxb3 38. Kh5 Rb4 39. Rxb4 Nxb4 40. Kxh6 Nd5 41. h4 Nc3 42. Bd3 a5 43. g4 a4 44. g5 a3 45. g6 Kg8 0-1


[Site "https://www.chess.com"]

[Event "Titled Tuesday Blitz June 8 2021"]
[White "Willow, Jonah B"]
[Black "Yilmaz, Mustafa"]
[WhiteFideId "438804"]
[BlackFideId "6302718"]
[WhiteElo "2261"]
[BlackElo "2518"]
[Result "0-1"]
[Round "10"]
[TimeControl "180+1"]
[Date "2021.06.08"]
[WhiteClock "0:00:01"]
[BlackClock "0:00:13"]

1. e4 c5 2. Nf3 Nc6 3. d4 cxd4 4. Nxd4 Nf6 5. Nc3 e5 6. Ndb5 d6 7. Bg5 a6 8. Na3 b5 9. Nd5 Be7 10. Bxf6 Bxf6 11. c4 b4 12. Nc2 O-O 13. g3 Bg5 14. Bg2 a5 15. O-O Be6 16. Qd3 Ra7 17. Rfd1 Qb8 18. b3 Bd8 19. a3 bxa3 20. Rxa3 Rb7 21. Rb1 h5 22. Bf1 h4 23. Nc3 Bb6 24. Nb5 Bc5 25. Raa1 f5 26. Ne3 fxe4 27. Qxe4 Nd4 28. Nxd4 Bxd4 29. Rxa5 Rbf7 30. Ra2 Qb6 31. Bd3 Rf6 32. Nd5 Bxf2+ 33. Kh1 Bxd5 34. Qxd5+ Kh8 35. Qe4 Rh6 36. Ra8 Rd8 37. g4 h3 38. Rf1 d5 39. Qxd5 Rd6 40. Qe4 Rxd3 41. Qxd3 Rxa8 42. Qf3 e4 43. Qf5 Rd8 44. c5 Qc6 45. Qh5+ Kg8 46. b4 e3+ 0-1


[Site "https://www.chess.com"]

[Event "Titled Tuesday Blitz June 8 2021"]
[White "Zhigalko, Sergei"]
[Black "Shkapenko, Pavel"]
[WhiteFideId "13502956"]
[BlackFideId "4151933"]
[WhiteElo "2662"]
[BlackElo "2386"]
[Result "1-0"]
[Round "10"]
[TimeControl "180+1"]
[Date "2021.06.08"]
[WhiteClock "0:00:27"]
[BlackClock "0:01:13"]

1. e4 e5 2. Nf3 Nc6 3. Bc4 d6 4. d4 Nf6 5. Nc3 Bg4 6. d5 Nd4 7. Be3 Bxf3 8. gxf3 c5 9. dxc6 Nxc6 10. Qd2 Be7 11. Rg1 Nh5 12. Nd5 Rc8 13. O-O-O O-O 14. Bb3 Kh8 15. Nxe7 Qxe7 16. Qxd6 Qxd6 17. Rxd6 Nf4 18. Rgd1 Ne2+ 19. Kb1 Ned4 20. f4 Nxb3 21. axb3 exf4 22. Bxf4 Rce8 23. Re1 Re7 24. Rxc6 bxc6 25. Bd6 Rfe8 26. Bxe7 Rxe7 27. Kc1 g5 28. Kd2 Kg7 29. Kd3 Kf6 30. Ra1 Ke5 31. Ke3 f6 32. Ra6 Rc7 33. b4 Ke6 34. b5 1-0


[Site "https://www.chess.com"]

[Event "Titled Tuesday Blitz June 8 2021"]
[White "Zubov, Alexander"]
[Black "Murzin, Volodar"]
[WhiteFideId "14109409"]
[BlackFideId "44155573"]
[WhiteElo "2740"]
[BlackElo "2541"]
[Result "0-1"]
[Round "10"]
[TimeControl "180+1"]
[Date "2021.06.08"]
[WhiteClock "0:00:11"]
[BlackClock "0:00:06"]

1. e4 c6 2. d4 d5 3. e5 Bf5 4. Nf3 e6 5. Be2 Ne7 6. Nbd2 h6 7. Nb3 Nd7 8. a4 g5 9. O-O Qc7 10. Bd3 Bxd3 11. Qxd3 Ng6 12. c3 c5 13. Qe2 Be7 14. Be3 c4 15. Nbd2 Rg8 16. a5 f6 17. exf6 Nxf6 18. b3 cxb3 19. Qb5+ Kf7 20. Qxb3 Bd6 21. c4 g4 22. c5 Bf4 23. Bxf4 Nxf4 24. Ne5+ Kg7 25. Rfe1 Rae8 26. a6 bxa6 27. Rxa6 Re7 28. Nc6 Rd7 29. Qa4 Rc8 30. Nxa7 Ra8 31. Nb5 Rxa6 32. Qxa6 Qb7 33. Qxb7 Rxb7 34. c6 Rb6 35. Na7 Ne8 36. g3 Nh3+ 37. Kg2 Ng5 38. Rc1 Nc7 39. Rc2 Kf6 40. Nc8 Rb1 41. Nd6 Rb4 42. f4 Ke7 43. fxg5 Kxd6 44. gxh6 Rb8 45. h4 Rh8 46. Nf1 Rxh6 47. Ne3 Nb5 48. Nxg4 Rh7 49. Nf6 Re7 50. Ne8+ Rxe8 51. h5 Nxd4 52. Rd2 Nxc6 53. g4 Ne5 54. Kh3 Rg8 55. Rg2 Nf3 56. Kg3 Ng5 57. Kh4 Ke7 58. Rf2 Ne4 59. Rf4 Ra8 60. g5 Ra1 61. g6 Rh1+ 62. Kg4 Nf6+ 63. Kf3 Rxh5 64. Ra4 Rf5+ 65. Ke3 Rg5 66. Ra7+ Kd6 67. Ra6+ Ke5 0-1


[Site "https://www.chess.com"]

[Event "Titled Tuesday Blitz June 8 2021"]
[White "Bachmann, Axel"]
[Black "Vignesh, N R"]
[WhiteFideId "3700488"]
[BlackFideId "25012215"]
[WhiteElo "2642"]
[BlackElo "2401"]
[Result "1-0"]
[Round "11"]
[TimeControl "180+1"]
[Date "2021.06.08"]
[WhiteClock "0:00:23"]
[BlackClock "0:00:02"]

1. d4 Nf6 2. c4 e6 3. Nc3 Bb4 4. e3 O-O 5. Ne2 d5 6. a3 Bd6 7. Ng3 c6 8. Bd3 dxc4 9. Bxc4 b5 10. Bd3 Bb7 11. O-O Nbd7 12. Nge4 Be7 13. Bd2 c5 14. Nxf6+ Nxf6 15. Bxb5 cxd4 16. exd4 Qxd4 17. Be3 Qh4 18. h3 Rfd8 19. Qe2 Ne4 20. Nxe4 Qxe4 21. Qg4 Qxg4 22. hxg4 Bf6 23. Be2 Bd5 24. Rfb1 Be4 25. g5 Bxb1 26. gxf6 Be4 27. fxg7 Kxg7 28. b4 a6 29. Rc1 Rac8 30. Rxc8 Rxc8 31. Bxa6 Rc2 32. b5 Ra2 33. Bc5 Bd3 34. Bb4 f6 35. Bc8 e5 36. b6 Be4 37. b7 Bxb7 38. Bxb7 f5 39. Bd5 Ra1+ 40. Kh2 Kf6 41. f3 h5 42. Bc6 Kg5 43. a4 e4 44. fxe4 fxe4 45. Bd2+ Kf5 46. a5 Ra2 47. Bb4 e3 48. Kg3 Rb2 49. a6 Rxb4 50. a7 Rg4+ 51. Kf3 Rg8 52. Kxe3 h4 53. Kf3 Rg3+ 54. Kf2 Ra3 55. a8=Q Rxa8 56. Bxa8 Kg4 57. Bf3+ Kf4 58. Be2 Ke4 59. Kg1 Ke3 60. Bh5 Kf4 61. Kh2 Kg5 62. Bd1 1-0


[Site "https://www.chess.com"]

[Event "Titled Tuesday Blitz June 8 2021"]
[White "Balakrishnan, Praveen"]
[Black "Indjic, Aleksandar"]
[WhiteFideId "2064871"]
[BlackFideId "911925"]
[WhiteElo "2237"]
[BlackElo "2643"]
[Result "0-1"]
[Round "11"]
[TimeControl "180+1"]
[Date "2021.06.08"]
[WhiteClock "0:02:00"]
[BlackClock "0:01:24"]

1. e4 c5 2. Nf3 Nc6 3. c3 d5 4. exd5 Qxd5 5. d4 Bf5 6. Be3 cxd4 7. Nxd4 Nf6 8. Nxf5 Qxf5 9. Nd2 e6 10. Qb3 O-O-O 11. Bb5 Qd5 12. Qxd5 Rxd5 13. Bxc6 bxc6 14. Bxa7 c5 15. Bb6 Kb7 16. Ba5 Ka6 17. Bc7 Be7 18. O-O-O Ra8 19. Bd6 Bxd6 0-1


[Site "https://www.chess.com"]

[Event "Titled Tuesday Blitz June 8 2021"]
[White "Cunjalo, Faris"]
[Black "Abdusattorov, Nodirbek"]
[WhiteFideId "14410710"]
[BlackFideId "14204118"]
[WhiteElo "2234"]
[BlackElo "2662"]
[Result "1/2-1/2"]
[Round "11"]
[TimeControl "180+1"]
[Date "2021.06.08"]
[WhiteClock "0:00:13"]
[BlackClock "0:00:02"]

1. c4 c5 2. Nf3 Nf6 3. Nc3 Nc6 4. e3 e6 5. d4 cxd4 6. exd4 d5 7. cxd5 Nxd5 8. Bd3 Bb4 9. Bd2 O-O 10. O-O Be7 11. a3 Nf6 12. Bg5 h6 13. Bh4 Nh5 14. Bxe7 Nxe7 15. Ne5 Nf6 16. Re1 b6 17. Re3 Bb7 18. Rg3 Kh8 19. Bc2 Rc8 20. Qd2 Ned5 21. Re1 Nh5 22. Qd3 Ndf6 23. Rg4 Qc7 24. Rh4 g6 25. Qe3 Kg7 26. g4 Nd5 27. Nxd5 Qxc2 28. gxh5 g5 29. Nb4 Qf5 30. Rh3 a5 31. Nbd3 f6 32. Ng6 Rfe8 33. Rg3 Rcd8 34. h4 Qd5 35. f3 Qxd4 36. Qxd4 Rxd4 37. Nf2 Kf7 38. Ng4 Kg7 39. Ne3 Rc8 40. hxg5 hxg5 41. f4 Kh6 42. fxg5+ fxg5 43. Ng4+ Kxh5 44. N6e5 Kh4 45. Rge3 Rc2 46. R3e2 Rxe2 47. Rxe2 Kg3 48. Re3+ Kf4 49. Rb3 Rd2 50. Rxb6 Bd5 51. Kf1 Rc2 52. Ke1 Rg2 53. Rb5 Be4 54. Rxa5 Rxb2 55. Ra4 Rb1+ 56. Kd2 Kf5 57. Rb4 Ra1 58. a4 Ra2+ 59. Kc3 Bd5 60. Rb5 Rxa4 61. Rb4 Ra3+ 62. Kd4 Rg3 63. Kc5 Rg2 64. Kd6 Ra2 65. Nh6+ Kf6 66. Nhg4+ Kf5 67. Rb8 Ra6+ 68. Ke7 Kf4 69. Rf8+ Kg3 70. Rg8 Kf4 71. Kf6 Be4 72. Rxg5 Bf5 73. Rg8 Ra5 74. Rg7 Ra8 75. Nh6 Rf8+ 76. Nhf7 Rc8 77. Rg1 Ke3 78. Re1+ Kf2 79. Ra1 Rc3 80. Nd6 Ke3 81. Re1+ Kf2 82. Ra1 Ke3 83. Nxf5+ exf5 84. Kxf5 Rc5 85. Ra3+ Kd4 86. Ra4+ Ke3 87. Rh4 Ke2 88. Rh2+ Ke3 89. Rh3+ Kf2 90. Ke4 Kg2 91. Ra3 Rb5 92. Nd3 Rg5 93. Nf4+ Kh2 94. Kf3 Rg3+ 95. Ke4 Rxa3 96. Nd5 Kg3 97. Kd4 Ra4+ 98. Ke5 Kf3 99. Nf6 Ra5+ 100. Kd4 Kf4 101. Nd5+ Kf5 102. Ne3+ Ke6 103. Nc4 Rd5+ 104. Ke4 Rh5 105. Kd4 Rh4+ 106. Kc5 Re4 107. Nd2 Re5+ 108. Kc4 Ra5 109. Ne4 Ra4+ 110. Kd3 Ke5 111. Nc3 Rb4 112. Ne2 Re4 113. Nc3 Rd4+ 114. Ke3 Rd6 115. Ne2 Rh6 116. Kd3 Rh3+ 117. Kc4 Rf3 118. Nc3 Re3 119. Nb5 Re2 120. Nc3 Re1 121. Kd3 Rc1 122. Kc4 Ra1 123. Kd3 Ra6 124. Kc4 Rd6 125. Nb5 Rc6+ 126. Kd3 Rc5 127. Nc3 Rc6 128. Nb5 Rc5 129. Nc3 Rxc3+ 130. Kxc3 1/2-1/2


[Site "https://www.chess.com"]

[Event "Titled Tuesday Blitz June 8 2021"]
[White "Gavrilescu, David"]
[Black "Bortnyk, Olexandr"]
[WhiteFideId "1227190"]
[BlackFideId "14120828"]
[WhiteElo "2370"]
[BlackElo "2723"]
[Result "0-1"]
[Round "11"]
[TimeControl "180+1"]
[Date "2021.06.08"]
[WhiteClock "0:00:40"]
[BlackClock "0:00:06"]

1. e4 Nf6 2. e5 Nd5 3. d4 d6 4. Nf3 dxe5 5. Nxe5 g6 6. Bc4 c6 7. O-O Bg7 8. Re1 Be6 9. Bb3 Nd7 10. Nxd7 Qxd7 11. c3 O-O 12. Nd2 Nc7 13. Nf3 Bxb3 14. axb3 a6 15. b4 Rfe8 16. h3 Rad8 17. Bf4 Nd5 18. Bg3 e6 19. Ne5 Qe7 20. Nc4 Bf6 21. Qf3 h5 22. Re2 Bg5 23. Rae1 Qf6 24. Qxf6 Bxf6 25. Nd6 Re7 26. Ne4 Kg7 27. Nxf6 Kxf6 28. Re5 Kg7 29. Bh4 f6 30. Rxe6 Rxe6 31. Rxe6 Kf7 32. Re1 Rd7 33. Bg3 Re7 34. Rxe7+ Kxe7 35. Kf1 Nb6 36. Bf4 Ke6 37. Ke2 Na4 38. Bc1 b5 39. Kd3 Kd5 40. b3 Nb6 41. g3 Ke6 42. c4 Nc8 43. h4 Nd6 44. Bf4 Nf5 45. Ke4 Ne7 46. Bc7 Kd7 47. Bb6 Ke6 48. Bc5 0-1


[Site "https://www.chess.com"]

[Event "Titled Tuesday Blitz June 8 2021"]
[White "Goltsev, Dmitry"]
[Black "Andreikin, Dmitry"]
[WhiteFideId "24176710"]
[BlackFideId "4158814"]
[WhiteElo "2366"]
[BlackElo "2782"]
[Result "1-0"]
[Round "11"]
[TimeControl "180+1"]
[Date "2021.06.08"]
[WhiteClock "0:00:05"]
[BlackClock "0:00:09"]

1. e4 e6 2. d4 d5 3. exd5 exd5 4. Bd3 Nc6 5. Nf3 Bd6 6. c3 Bg4 7. O-O Qf6 8. Re1+ Nge7 9. Bg5 Qxg5 10. Nxg5 Bxd1 11. Rxd1 h6 12. Nf3 g5 13. Nbd2 O-O-O 14. Re1 Rdf8 15. b4 Kd8 16. Nb3 g4 17. Nh4 f5 18. b5 Nb8 19. Re6 Nd7 20. Rae1 b6 21. Rxe7 Bxe7 22. Ng6 Bg5 23. Nxh8 Rxh8 24. Bxf5 Nf6 25. g3 h5 26. Re5 Re8 27. Bg6 Rxe5 28. dxe5 Nd7 29. e6 Ne5 30. Bxh5 Ke7 31. Nd4 Bd2 32. Ne2 Kxe6 33. Kg2 Kd6 34. h3 gxh3+ 35. Kxh3 Kc5 36. f4 Nd3 37. Be8 Nf2+ 38. Kh4 Ne4 39. g4 Be1+ 40. Kh3 Bxc3 41. Nxc3 Nxc3 42. g5 d4 43. g6 d3 44. g7 d2 45. Bh5 Nd5 46. g8=Q Nxf4+ 47. Kh4 Nxh5 48. Qg5+ Kd4 49. Qxh5 Kc3 50. Qd1 1-0


[Site "https://www.chess.com"]

[Event "Titled Tuesday Blitz June 8 2021"]
[White "Grandelius, Nils"]
[Black "Narayanan.S.L"]
[WhiteFideId "1710400"]
[BlackFideId "5058422"]
[WhiteElo "2651"]
[BlackElo "2617"]
[Result "0-1"]
[Round "11"]
[TimeControl "180+1"]
[Date "2021.06.08"]
[WhiteClock "0:00:02"]
[BlackClock "0:00:06"]

1. d4 Nf6 2. Nf3 g6 3. Nbd2 Bg7 4. e4 d6 5. Bb5+ Bd7 6. Bd3 O-O 7. O-O Nc6 8. Re1 e5 9. dxe5 Nxe5 10. Nxe5 dxe5 11. Nc4 Qe7 12. a4 a5 13. b3 Rfd8 14. Ba3 Qe8 15. Qe2 b6 16. Ne3 Bc6 17. f3 Bf8 18. Bxf8 Qxf8 19. Nc4 Qe7 20. Qe3 Nd7 21. Bf1 f6 22. Rad1 Nc5 23. Nb2 Kg7 24. Qc3 h5 25. Nd3 Rd4 26. Nxc5 bxc5 27. Rxd4 exd4 28. Qd2 g5 29. f4 gxf4 30. Qxf4 Re8 31. Bd3 Qe5 32. Qh4 Re7 33. Rf1 Bd7 34. Rf4 Qg5 35. Qf2 Re5 36. Kh1 Bc6 37. h3 Qg6 38. Qf3 c4 39. Bxc4 Bxe4 40. Qf2 c5 41. Bd3 f5 42. Kh2 Re8 43. Bf1 Qg5 44. Qd2 Kg6 45. h4 Qd8 46. Qf2 Kh6 47. Bd3 Qd6 48. Qg3 Bxd3 49. cxd3 Qg6 50. Qf2 Qd6 51. Qg3 Qf6 52. Qf3 Re3 53. Qf2 Qe5 54. g3 Re2 0-1


[Site "https://www.chess.com"]

[Event "Titled Tuesday Blitz June 8 2021"]
[White "Henderson de La Fuente, Lance"]
[Black "Khusnutdinov, Rustam"]
[WhiteFideId "32096585"]
[BlackFideId "13701703"]
[WhiteElo "2280"]
[BlackElo "2571"]
[Result "1-0"]
[Round "11"]
[TimeControl "180+1"]
[Date "2021.06.08"]
[WhiteClock "0:00:22"]
[BlackClock "0:00:38"]

1. e4 e6 2. d4 d5 3. Bd3 dxe4 4. Bxe4 Nf6 5. Bf3 c5 6. Ne2 Nc6 7. Be3 Be7 8. Nbc3 Qa5 9. O-O O-O 10. Qe1 cxd4 11. Nxd4 Ne5 12. Be2 Bd7 13. Bf4 Nc6 14. Nxc6 Bxc6 15. Bd3 Rfd8 16. a4 Qb4 17. Be5 Ng4 18. Bg3 Qxb2 19. Nb5 Qb4 20. Qe2 a6 21. Nc7 Rac8 22. Rab1 Qxa4 23. Nxe6 Rxd3 24. cxd3 fxe6 25. Qxe6+ Kf8 26. Qxc8+ 1-0


[Site "https://www.chess.com"]

[Event "Titled Tuesday Blitz June 8 2021"]
[White "Hess, Robert"]
[Black "Yilmaz, Mustafa"]
[WhiteFideId "2022036"]
[BlackFideId "6302718"]
[WhiteElo "2557"]
[BlackElo "2518"]
[Result "0-1"]
[Round "11"]
[TimeControl "180+1"]
[Date "2021.06.08"]
[WhiteClock "0:00:09"]
[BlackClock "0:00:10"]

1. e4 c5 2. Nc3 a6 3. g3 b5 4. Bg2 Bb7 5. Nge2 Nf6 6. O-O e5 7. d3 Be7 8. f4 d6 9. h3 O-O 10. g4 Nc6 11. Ng3 Nd4 12. Nce2 Rc8 13. c3 Nxe2+ 14. Qxe2 Re8 15. Nf5 c4 16. fxe5 dxe5 17. dxc4 Rxc4 18. Bg5 Qb6+ 19. Kh2 Bd8 20. Rad1 Nxe4 21. Be3 Qc7 22. Bxe4 Bxe4 23. Nd6 Rf8 24. Nxc4 bxc4 25. Qf2 Bd3 26. Rfe1 f5 27. Bc5 Rf7 28. gxf5 Rxf5 29. Qe3 Bg5 30. Qg1 e4+ 31. Kh1 Rxc5 32. Qg4 Re5 33. Rg1 e3 34. h4 Bf6 35. Qf4 Qc6+ 36. Kh2 e2 37. Rde1 Qe6 38. Rg3 h5 39. Qf3 Re4 40. Qxh5 Qe5 41. Qxe5 Bxe5 42. Kg2 Bxg3 43. Kxg3 Re6 44. b3 Rg6+ 45. Kf3 Rf6+ 46. Ke3 Rf1 47. Kd2 Rxe1 48. Kxe1 Kf7 49. Kd2 Ke6 50. b4 Kd5 51. a4 Kc6 52. Ke1 Bc2 53. Kxe2 Bxa4 54. Ke3 Kd5 55. Kf4 Bc2 56. Kg5 Ke5 57. h5 Bh7 58. h6 g6 59. Kg4 Kf6 60. Kf4 g5+ 61. Ke3 Kg6 62. Kd4 g4 63. b5 axb5 0-1


[Site "https://www.chess.com"]

[Event "Titled Tuesday Blitz June 8 2021"]
[White "Ibarra Jerez, Jose Carlos"]
[Black "Rustemov, Alexander"]
[WhiteFideId "2226332"]
[BlackFideId "4119002"]
[WhiteElo "2602"]
[BlackElo "2717"]
[Result "1-0"]
[Round "11"]
[TimeControl "180+1"]
[Date "2021.06.08"]
[WhiteClock "0:01:34"]
[BlackClock "0:01:06"]

1. e4 e6 2. d4 d5 3. Nd2 c5 4. exd5 Qxd5 5. Ngf3 cxd4 6. Bc4 Qd7 7. O-O Nc6 8. Nb3 Nf6 9. Qe2 a6 10. a4 Bd6 11. Rd1 e5 12. Nbxd4 Nxd4 13. Rxd4 O-O 14. Nxe5 Qc7 15. Bf4 Re8 16. Rxd6 Qxd6 17. Bxf7+ Kf8 18. Bxe8 Qd2 19. Qxd2 Bd7 20. Nxd7+ Ke7 21. Re1+ Kd8 22. Nb6+ Nd7 23. Bxd7 Rc8 24. Be8# 1-0


[Site "https://www.chess.com"]

[Event "Titled Tuesday Blitz June 8 2021"]
[White "Jobava, Baadur"]
[Black "Nakamura, Hikaru"]
[WhiteFideId "13601520"]
[BlackFideId "2016192"]
[WhiteElo "2748"]
[BlackElo "2900"]
[Result "1/2-1/2"]
[Round "11"]
[TimeControl "180+1"]
[Date "2021.06.08"]
[WhiteClock "0:00:07"]
[BlackClock "0:01:09"]

1. e4 e5 2. Nf3 Nc6 3. d4 exd4 4. Nxd4 Nf6 5. Nxc6 bxc6 6. Bd3 d5 7. exd5 cxd5 8. O-O Be7 9. Re1 O-O 10. h3 h6 11. Nd2 Bd6 12. Nf3 Re8 13. b3 Rxe1+ 14. Qxe1 c5 15. Bb2 d4 16. c3 Bb7 17. Qd1 dxc3 18. Bxc3 Nd5 19. Bb2 Nf4 20. Bc4 Bc7 21. h4 Qe7 22. Qe1 Qxe1+ 23. Rxe1 Bxf3 24. gxf3 Kf8 25. Kf1 Rd8 26. Ba3 Bb6 27. Bc1 Bc7 28. Be3 g5 29. hxg5 hxg5 30. Bxc5+ Kg8 31. Bxa7 Ba5 32. Rb1 Bb4 33. Be3 Kg7 34. a4 Rh8 35. Bd4+ f6 36. Kg1 Nh3+ 37. Kf1 Nf4 38. Kg1 Nh3+ 39. Kf1 Nf4 1/2-1/2


[Site "https://www.chess.com"]

[Event "Titled Tuesday Blitz June 8 2021"]
[White "Kazakouski, Valery"]
[Black "Zhigalko, Sergei"]
[WhiteFideId "13507443"]
[BlackFideId "13502956"]
[WhiteElo "2546"]
[BlackElo "2662"]
[Result "0-1"]
[Round "11"]
[TimeControl "180+1"]
[Date "2021.06.08"]
[WhiteClock "0:00:02"]
[BlackClock "0:00:05"]

1. Nf3 d5 2. c4 d4 3. b4 Bg4 4. Qb3 Nf6 5. g3 Nc6 6. Bg2 a6 7. d3 e5 8. a3 Be7 9. O-O O-O 10. Nbd2 Nd7 11. Bb2 Re8 12. Rfe1 a5 13. b5 Ncb8 14. e3 Nc5 15. Qc2 dxe3 16. Rxe3 f6 17. d4 exd4 18. Nxd4 Bf8 19. Rae1 Rxe3 20. Rxe3 Nbd7 21. Nf5 Nb6 22. Nd4 Qd7 23. N2b3 Nxb3 24. Nxb3 Bf5 25. Qe2 Rd8 26. Nd4 Bg4 27. Qe1 Bc5 28. Bxb7 Nxc4 29. Bc6 Qf7 30. Re4 Nxb2 31. Nb3 Nd3 32. Qc3 Nxf2 33. Nxc5 Nxe4 34. Bxe4 Be6 35. Nd3 Bd5 36. Bf5 Qe7 37. Nf4 Bf7 38. Kf2 g6 39. Bd3 Qe5 0-1


[Site "https://www.chess.com"]

[Event "Titled Tuesday Blitz June 8 2021"]
[White "Lazavik, Denis"]
[Black "Shipov, Sergei"]
[WhiteFideId "13515110"]
[BlackFideId "4113624"]
[WhiteElo "2436"]
[BlackElo "2773"]
[Result "0-1"]
[Round "11"]
[TimeControl "180+1"]
[Date "2021.06.08"]
[WhiteClock "0:00:06"]
[BlackClock "0:00:13"]

1. d4 d5 2. c4 e6 3. Nf3 c5 4. cxd5 exd5 5. g3 Nc6 6. Bg2 cxd4 7. Nxd4 Qb6 8. Nxc6 bxc6 9. O-O Nf6 10. Nc3 Be7 11. Na4 Qb5 12. Be3 Ba6 13. Re1 O-O 14. b3 Rfe8 15. Bd4 c5 16. Bxf6 Bxf6 17. Rc1 Rxe2 18. Rxc5 Qd3 19. Qxe2 Qxe2 20. Rxe2 Bxe2 21. Bxd5 Rd8 22. Kg2 g6 23. Bc4 Rd2 24. Rd5 Rxa2 25. Bxe2 Rxe2 26. Nc5 Rb2 27. Rd3 a5 28. Kf3 Kg7 29. Rd7 Be5 30. Rd5 Bc3 31. Rd3 Bb4 32. Ne4 f5 33. Rd7+ Kf8 34. Nf6 h6 35. Kf4 Rxf2+ 36. Ke5 Bc3+ 37. Ke6 Re2+ 38. Kd5 Bxf6 39. Ra7 Bc3 40. Rxa5 0-1


[Site "https://www.chess.com"]

[Event "Titled Tuesday Blitz June 8 2021"]
[White "Nguyen, Anh Khoi"]
[Black "Dang, Hoang Son"]
[WhiteFideId "12404675"]
[BlackFideId "12402435"]
[WhiteElo "2296"]
[BlackElo "2248"]
[Result "0-1"]
[Round "11"]
[TimeControl "180+1"]
[Date "2021.06.08"]
[WhiteClock "0:00:04"]
[BlackClock "0:00:05"]

1. d4 Nf6 2. c4 g6 3. Nc3 Bg7 4. e4 O-O 5. Nge2 d6 6. f3 e5 7. Bg5 h6 8. Be3 Nc6 9. d5 Nb8 10. Qd2 Na6 11. g4 c6 12. Bg2 cxd5 13. cxd5 Bd7 14. O-O h5 15. h3 Kh7 16. b4 Nc7 17. a4 b6 18. Bg5 Qe8 19. Ng3 hxg4 20. hxg4 Kg8 21. Kf2 Nh7 22. Bh6 f5 23. exf5 gxf5 24. Nh5 fxg4 25. Nxg7 Qg6 26. Ne6 Nxe6 27. dxe6 Bxe6 28. Bxf8 Rxf8 29. Rh1 Ng5 30. Raf1 e4 31. f4 Bc4 32. Kg3 Nf3 33. Qe3 d5 34. Rd1 Qf5 35. Bf1 Bxf1 36. Rhxf1 Rd8 37. Ne2 Kf7 38. Nd4 Qf6 39. Rc1 Rd7 40. Nc6 Qh4+ 41. Kg2 Qh2# 0-1


[Site "https://www.chess.com"]

[Event "Titled Tuesday Blitz June 8 2021"]
[White "Nguyen, Quoc Hy"]
[Black "Donchenko, Alexander"]
[WhiteFideId "12410853"]
[BlackFideId "24603295"]
[WhiteElo "1975"]
[BlackElo "2553"]
[Result "0-1"]
[Round "11"]
[TimeControl "180+1"]
[Date "2021.06.08"]
[WhiteClock "0:00:02"]
[BlackClock "0:00:33"]

1. d4 Nf6 2. c4 c6 3. Nc3 d5 4. Bg5 dxc4 5. e4 b5 6. e5 Nd5 7. a4 h6 8. Bh4 Qb6 9. axb5 Nxc3 10. bxc3 cxb5 11. Be2 e6 12. Rb1 Bb7 13. Nf3 a6 14. O-O Qc7 15. Nd2 Be7 16. Bxe7 Qxe7 17. f4 g6 18. Bf3 Bd5 19. f5 gxf5 20. Bxd5 exd5 21. Rxf5 Nd7 22. Qh5 Rh7 23. Rbf1 Qe6 24. Qh4 a5 25. Qg4 b4 26. Qg8+ Nf8 27. Rf6 Qe7 28. e6 O-O-O 29. exf7 bxc3 30. Qg4+ Qd7 31. Qxd7+ Nxd7 32. Rc6+ Kb7 33. Rd6 Kc7 34. Nxc4 dxc4 0-1


[Site "https://www.chess.com"]